 Dungeon Crawl Stone Soup version 0.18-a0-816-g97f838e (webtiles) character file.

142 benitares the Ruffian (level 5, 0/41 HPs)
             Began as a Demonspawn Fighter on Dec 15, 2015.
             Killed from afar by Natasha (6 damage)
             ... with a magic dart
             ... on level 3 of the Dungeon.
             The game lasted 00:03:54 (2561 turns).

benitares the Ruffian (Demonspawn Fighter)          Turns: 2561, Time: 00:03:54

Health: 0/41       AC:  7    Str: 16    XL:     5   Next: 3%
Magic:  5/5        EV:  9    Int: 10    God:
Gold:   104        SH:  0    Dex: 13    Spells: 0 memorised, 4 levels left

rFire  + . .     SeeInvis .       - Unarmed
rCold  + . .     Clarity  .     a - +0 scale mail
rNeg   . . .     SustAt   .     (no shield)
rPois  +         Gourm    .     (no helmet)
rElec  +         Spirit   .     j - +0 cloak
rCorr  +         Dismiss  .     (no gloves)
rMut   .         Stasis   .     (no boots)
MR     .....                    (no amulet)
Stlth  ..........               (no ring)
                                (no ring)

@: resistant, very slightly contaminated, slowed, invisible, very slow, not
resistant to hostile enchantments, extremely unstealthy
A: rot immunity
a: no special abilities


You were on level 3 of the Dungeon.
You were not hungry.

You visited 1 branch of the dungeon, and saw 3 of its levels.

You collected 104 gold pieces.

Inventory:

Armour
 a - a +0 scale mail (worn)
 j - a +0 cloak (worn)
Jewellery
 h - an uncursed amulet of dismissal {unknown}
 p - an uncursed amulet of faith {unknown}
Scrolls
 e - a scroll of fear
 f - a scroll of magic mapping
 g - 2 scrolls of teleportation
 m - 2 scrolls of random uselessness
 o - a scroll of identify {unknown}
 v - a scroll of fog {unknown}
Potions
 b - a potion of curing
 c - a potion of might
 k - a potion of magic {unknown}
 l - a potion of resistance
 n - a potion of invisibility
 q - a potion of beneficial mutation {unknown}
 s - a potion of heal wounds {unknown}
Comestibles
 d - 4 bread rations
 i - a meat ration
 r - a beef jerky
 t - 4 fruits
 u - a chunk of flesh


   Skills:
 - Level 3.0 Fighting
 - Level 2.6 Armour
   Level 2.6 Shields
 + Level 4.8 Unarmed Combat


You had 4 spell levels left.
You didn't know any spells.

Dungeon Overview and Level Annotations

Branches:
Dungeon (3/15)

Altars:
Zin

Annotations:
D:2 Robin
D:3 Natasha


Innate Abilities, Weirdness & Mutations

You are immune to rotting.


Message History

You are no longer poisoned.
You hear some strange, mumbled words.
You feel as though you will be slow longer.
You are very lightly contaminated with residual magic.
Something claws you.
* * * LOW HITPOINT WARNING * * *
Drink which item? (? for menu, Esc to quit)
It was a potion of curing.
You feel better. Something claws you.
* * * LOW HITPOINT WARNING * * *
You hear some strange, mumbled words.
A magic dart appears from out of thin air!
The magic dart hits you!
* * * LOW HITPOINT WARNING * * *
Drink which item? (? for menu, Esc to quit)
It was a potion of resistance.
You feel protected.
You hear some strange, mumbled words.
A magic dart appears from out of thin air!
The magic dart hits you!
You die...

########...#.#.....#
...................##......
##########......†..#.......
# #.#.#.....#....... #
#.#.......#....... #
##.####....#....... #
#........###.(..... #
#############....... #
#........@{.5†# #
#.############# # #.#..)# #
#.#.#.##### # #.......... #
#.#.#.#####
##########.#.####
..................
##########<#.#####


You could see a white imp.

Vanquished Creatures
  Ijyb (D:2)
  3 adders
  2 oozes
  3 worms
  A giant gecko (D:2)
  An orc (D:3)
  8 bats
  3 giant cockroaches (D:2)
  11 goblins
  9 hobgoblins
  10 kobolds
  2 quokkas
  3 giant newts
  10 rats
67 creatures vanquished.

Notes
Turn   | Place    | Note
--------------------------------------------------------------
     0 | D:1      | benitares the Demonspawn Fighter began the quest for the Orb.
     0 | D:1      | Reached XP level 1. HP: 18/18 MP: 1/1
   248 | D:1      | Gained mutation: You are immune to rotting. [demonic ancestry]
   248 | D:1      | Reached XP level 2. HP: 22/24 MP: 2/2
   744 | D:1      | Reached XP level 3. HP: 29/29 MP: 3/3
   902 | D:2      | Noticed Robin
  1639 | D:2      | Noticed Ijyb
  1664 | D:2      | Killed Ijyb
  1664 | D:2      | Reached skill level 4 in Unarmed Combat
  1664 | D:2      | Reached XP level 4. HP: 33/35 MP: 4/4
  2016 | D:2      | Found a glowing silver altar of Zin.
  2543 | D:3      | Noticed Natasha
  2555 | D:3      | Reached XP level 5. HP: 22/41 MP: 5/5
  2561 | D:3      | Killed from afar by Natasha

Vault maps used:
D:1:      elethiomel_arrival_quiet
D:2:      zin_academy, first_bread, uniq_iyjb, uniq_robin
D:3:      trog_book, uniq_natasha

Action                   |  1- 3 |  4- 6 || total
-------------------------+-------+-------++-------
Melee: Unarmed           |   204 |   117 ||   321
  Use: Scroll            |     4 |     3 ||     7
       Potion            |       |     3 ||     3
  Eat: Chunk             |     3 |     1 ||     4
       Pizza             |       |     1 ||     1
